 Dungeon Crawl Stone Soup version 0.17-a0-2101-g0c122e7 (webtiles) character file.

3748 septik the Cudgeler (level 9, -2/71 HPs)
             Began as a Mummy Fighter on Oct 18, 2015.
             Was a Priest of Okawaru.
             Slain by an orc warrior
             ... wielding a +0 dire flail
              (12 damage)
             ... on level 9 of the Dungeon.
             The game lasted 00:39:04 (8792 turns).

septik the Cudgeler (Mummy Fighter)                 Turns: 8792, Time: 00:39:04

Health: -2/71      AC: 17    Str: 23    XL:     9   Next: 93%
Magic:  12/12      EV:  8    Int:  7    God:    Okawaru [***...]
Gold:   206        SH:  0    Dex: 17    Spells: 0 memorised, 8 levels left

rFire  x . .     SeeInvis .     h - +1 flail (protect)
rCold  + . .     Clarity  .     p - +1 chain mail
rNeg   + + +     SustAt   .     u - +2 buckler
rPois  ∞         Gourm    .     (no helmet)
rElec  .         Spirit   .     (no cloak)
rCorr  .         Warding  .     t - +0 pair of gloves
rMut   .         Stasis   .     (no boots)
MR     +....                    (no amulet)
Stlth  ..........               B - ring of stealth
                                v - +6 ring of dexterity

@: confused, somewhat resistant to hostile enchantments, extremely unstealthy
A: no food or potions, fire vulnerability, cold resistance 1, negative energy
resistance 3, torment resistance, unbreathing
a: Heroism, Renounce Religion


You were on level 9 of the Dungeon.
You worshipped Okawaru.
Okawaru was most pleased with you.
You were not hungry.

You visited 2 branches of the dungeon, and saw 10 of its levels.
You also visited: Bailey.

You collected 398 gold pieces.
You spent 192 gold pieces at shops.

Inventory:

Hand Weapons
 a - a +0 flail
 h - a +1 flail of protection (weapon)
 F - a +0 blowgun
Missiles
 c - 119 stones (quivered)
 z - a throwing net
 C - 10 sling bullets of flame
 D - 8 tomahawks
Armour
 p - a +1 chain mail (worn)
 t - a +0 pair of gloves (worn)
 u - a +2 buckler (worn)
Jewellery
 i - an uncursed ring of wizardry
 l - an uncursed ring of flight
 s - an uncursed ring of wizardry
 v - a +6 ring of dexterity (left hand)
 A - an uncursed amulet of guardian spirit
 B - a ring of stealth (right hand)
 H - an uncursed amulet of resist mutation {unknown}
Wands
 q - a wand of disintegration (8)
 w - a wand of fire (8)
 x - a wand of fireball (8)
 G - a wand of teleportation (3)
Scrolls
 b - a scroll of enchant armour
 d - 3 scrolls of enchant weapon
 e - 3 scrolls of magic mapping
 f - 9 scrolls of identify
 g - 8 scrolls of remove curse
 j - 2 scrolls of noise {unknown}
 k - a scroll of fog {unknown}
 m - 2 scrolls of blinking {unknown}
 n - a scroll of recharging
 r - 2 scrolls of teleportation
 y - a scroll of summoning {unknown}
 E - a scroll of fear {unknown}
Miscellaneous
 o - a plain deck of destruction


   Skills:
 + Level 6.8 Fighting
 * Level 7.4 Maces & Flails
 + Level 5.5 Armour
 + Level 5.5 Shields
 - Level 4.0 Invocations


You had 8 spell levels left.
You didn't know any spells.

Dungeon Overview and Level Annotations

Branches:
Dungeon (9/15)             Temple (1/1) D:4
   Lair: D:8-11         Orc: D:9-12

Altars:
Ashenzari
Cheibriados
Dithmenos
Elyvilon
Fedhas
Kikubaaqudgha
Nemelex Xobeh
Okawaru
Ru
Trog
Vehumet
Xom
Yredelemnul
Zin
The Shining One

Shops:
D:5 !

Annotations:
D:8 Psyche


Innate Abilities, Weirdness & Mutations

You do not eat or drink.
Your flesh is vulnerable to fire.
You are immune to poison.
Your flesh is cold resistant.
You are immune to negative energy.
You are immune to unholy pain and torment.
You can survive without breathing.


Message History

You sock something!
The orc priest mumbles some strange prayers to Beogh against you.
Something smites you!
The orc warrior hits you but does no damage.
You bump into the rock wall.
Something hits you.
The orc priest hits you with an enchanted war axe.
The orc priest mumbles some strange prayers to Beogh against you.
Something smites you!
* * * LOW HITPOINT WARNING * * *
You're too confused to move!
The orc warrior hits you but does no damage.
You hear some strange, mumbled words.
A magic dart appears from out of thin air!
The magic dart hits you! The orc priest closely misses you.
You're too confused!
You bump into the rock wall.
You feel like a meek peon again. Something hits you but does no damage.
The orc warrior hits you with a dire flail!
You die...

......# ......# ......o
.....)# ....... ......#
....... ......# .....(.
....†.# ....... ......#
.......
......############o......
.)..<...........@oo......
................{o.......
..>###############..#####
#..# ..# #..# .... #..#
..... ...._. ......


You could see an orc warrior, 2 orc priests and an orc.

Vanquished Creatures
  The ghost of miniluv the Shield-Bearer, a novice HuFi of Makhleb (D:9)
  A two-headed ogre (D:8)
  Eustachio (D:5)
  Edmund (D:4)
  Duvessa (D:4)
  A water moccasin (D:3)
  An ice beast (D:7)
  A necrophage (D:7)
  A phantom (D:4)
  2 ogres
  2 centaurs
  2 giant frogs
  Dowan (D:4)
  7 killer bees
  2 scorpions
  5 wights (D:7)
  2 jellies
  3 orc priests
  A centaur zombie (D:9)
  2 crimson imps
  3 orc wizards
  A quasit (D:6)
  5 giant frog skeletons
  An iguana (D:8)
  2 worker ants (D:4)
  A centaur skeleton (D:4)
  7 hounds
  A hound zombie (D:5)
  A worker ant zombie (D:7)
  10 adders
  A shadow imp (D:3)
  An adder skeleton (D:4)
  2 worms (D:4)
  22 orcs
  2 ball pythons (D:2)
  9 goblins
  4 hobgoblins
  5 jackals
  8 quokkas
  8 bats
  7 giant cockroaches
  8 giant geckos
  5 giant newts
  9 kobolds
  12 rats
173 creatures vanquished.

Notes
Turn   | Place    | Note
--------------------------------------------------------------
     0 | D:1      | septik the Mummy Fighter began the quest for the Orb.
     0 | D:1      | Reached XP level 1. HP: 18/18 MP: 1/1
   277 | D:1      | Reached XP level 2. HP: 21/24 MP: 2/2
   795 | D:2      | Reached XP level 3. HP: 21/29 MP: 3/3
  1329 | D:3      | Found a sparkling altar of Nemelex Xobeh.
  1362 | D:3      | Reached XP level 4. HP: 32/35 MP: 4/4
  1372 | D:3      | Found a faded altar to an unknown god.
  1978 | D:4      | Found a staircase to the Ecumenical Temple.
  1999 | Temple   | Entered the Ecumenical Temple
  2016 | Temple   | Became a worshipper of Warmaster Okawaru
  2078 | D:4      | Found a blossoming altar of Fedhas.
  2162 | D:4      | Noticed a phantom
  2217 | D:4      | Noticed Edmund
  2250 | D:4      | Killed Edmund
  2250 | D:4      | Reached * piety under Okawaru
  2250 | D:4      | Reached skill level 4 in Fighting
  2250 | D:4      | Reached skill level 1 in Invocations
  2250 | D:4      | Reached XP level 5. HP: 11/42 MP: 4/6
  2563 | D:4      | Noticed Duvessa
  2563 | D:4      | Noticed Dowan
  2590 | D:4      | Killed Duvessa
  2590 | D:4      | Reached XP level 6. HP: 35/48 MP: 7/7
  2605 | D:4      | Killed Dowan
  2921 | D:4      | Found a shattered altar of Ashenzari.
  2939 | D:4      | Noticed an ogre
  2949 | D:4      | Killed an ogre
  3094 | D:4      | Killed a phantom
  3094 | D:4      | Reached XP level 7. HP: 38/55 MP: 9/9
  3139 | D:4      | Reached ** piety under Okawaru
  3374 | D:5      | Entered Level 5 of the Dungeon
  3695 | D:5      | Noticed Eustachio
  4006 | D:5      | Killed Eustachio
  4196 | D:5      | Found Xaun's Distillery.
  4199 | D:5      | Bought a potion of haste for 120 gold pieces
  4199 | D:5      | Bought a potion of heal wounds for 60 gold pieces
  4199 | D:5      | Bought a potion of poison for 12 gold pieces
  4313 | D:5      | Reached XP level 8. HP: 61/61 MP: 10/10
  4841 | D:3      | Reached skill level 5 in Fighting
  4915 | D:3      | Noticed a water moccasin
  4931 | D:3      | Killed a water moccasin
  5130 | D:3      | Found a bloodstained altar of Trog.
  5135 | D:3      | Found a radiant altar of Vehumet.
  5135 | D:3      | Found a shimmering altar of Xom.
  5499 | D:6      | Reached skill level 5 in Maces & Flails
  5754 | D:6      | Reached *** piety under Okawaru
  5781 | D:6      | Found a glowing golden altar of the Shining One.
  6504 | D:7      | Found a flagged portal.
  6518 | Bailey   | Entered a bailey
  6964 | D:7      | Reached XP level 9. HP: 42/69 MP: 12/12
  7166 | D:7      | Reached skill level 6 in Fighting
  7558 | D:8      | Reached skill level 5 in Armour
  7558 | D:8      | Reached skill level 5 in Shields
  8336 | D:8      | Noticed Psyche
  8427 | D:9      | Noticed miniluv's ghost (novice HuFi)
  8452 | D:9      | Killed miniluv's ghost
  8452 | D:9      | Reached **** piety under Okawaru
  8452 | D:9      | Reached skill level 7 in Maces & Flails
  8747 | D:9      | Found a sparkling altar of Nemelex Xobeh.
  8792 | D:9      | Slain by an orc warrior

Vault maps used:
D:1:      minmay_arrival_split_and_join
D:2:      first_bread
D:3:      minitemple, nemelex_deck, ecumenical_altar_2, grunt_decor_arrowhead,
          minmay_misc_feat_enclosed
D:4:      nicolae_overflow_crystal_walls, ashenzari_altar_1,
          minmay_temple_entry_grid, uniq_edmund, uniq_duvessa
D:5:      serial_shops, shop_statue, uniq_eustachio
D:6:      old_standard_altar, kennysheep_generic_room_12
D:7:      enter_bailey_3, grunt_ogre_cave
D:8:      wad_cavern_with_rooms, david_lair_generic, uniq_grum, uniq_psyche
D:9:      basic_altar
Temple:   circular_temple_12
Bailey:   bailey_polearm_1, bailey

Action                   |  1- 3 |  4- 6 |  7- 9 || total
-------------------------+-------+-------+-------++-------
Melee: Flail             |   159 |   158 |   588 ||   905
Invok: Heroism           |       |       |     8 ||     8
  Use: Scroll            |       |     5 |     3 ||     8
